 Dungeon Crawl Stone Soup version 0.19.1 (webtiles) character file.

9525 Ice the Spear-Bearer (level 11, -6/89 HPs)
             Began as a Minotaur Berserker on Nov 30, 2016.
             Was an Elder of Trog.
             Mangled by a nine-headed hydra (7 damage)
             ... on level 2 of the Lair of Beasts.
             The game lasted 00:56:41 (8885 turns).

Ice the Spear-Bearer (Minotaur Berserker)           Turns: 8885, Time: 00:56:42

Health: -6/89      AC: 11    Str: 21    XL:     11   Next: 24%
Magic:  10/10      EV: 15    Int:  7    God:    Trog [****..]
Gold:   350        SH:  0    Dex: 17    Spells: 0 memorised, 10 levels left

rFire  . . .     SeeInvis .     S - +7 glaive of the Toadstool {drain, Int+3}
rCold  . . .     Gourm    .     i - +1 ring mail
rNeg   . . .     Faith    .     (shield currently unavailable)
rPois  +         Spirit   .     H - +1 hat
rElec  .         Reflect  .     M - +0 cloak
rCorr  .         Harm     .     (no gloves)
MR     .....                    D - +1 pair of boots
Stlth  +++.......               (no amulet)
                                p - +3 ring of dexterity
                                u - ring of poison resistance

@: exhausted, slowed, very slow
A: retaliatory headbutt, horns 2
a: Berserk, Trog's Hand, Brothers in Arms, Burn Spellbooks, Renounce Religion


You were on level 2 of the Lair of Beasts.
You worshipped Trog.
Trog was greatly pleased with you.
You were not hungry.

You visited 3 branches of the dungeon, and saw 13 of its levels.

You collected 764 gold pieces.
You spent 414 gold pieces at shops.

Inventory:

Hand Weapons
 n - a +4 hunting sling of freezing
 A - a +0 morningstar of freezing
 I - a +0 shortbow
 P - a +2 dagger of chaos
 S - the +7 glaive of the Toadstool (weapon) {drain, Int+3}
   (You bought it in a shop on level 5 of the Dungeon)

   A truly terrible weapon, it drains the life of those it strikes.
   It affects your intelligence (+3).
Missiles
 f - 30 sling bullets
 j - 360 stones (quivered)
 v - 152 arrows
 T - 3 tomahawks
 V - 65 bolts
Armour
 i - a +1 ring mail (worn)
 D - a +1 pair of boots (worn)
 H - a +1 hat (worn)
 M - a +0 cloak (worn)
Jewellery
 p - a +3 ring of dexterity (right hand)
 u - a ring of poison resistance (left hand)
Wands
 B - a wand of iceblast (7/15)
 E - a wand of enslavement (0/24)
 R - a wand of teleportation (4/9)
 W - a wand of lightning (1/15)
Scrolls
 a - 2 scrolls of holy word {unknown}
 o - 4 scrolls of magic mapping {unknown}
 q - 2 scrolls of immolation {unknown}
 y - 2 scrolls of blinking {unknown}
 z - a scroll of teleportation
 G - a scroll of fog {unknown}
 L - 6 scrolls of remove curse {unknown}
 O - a scroll of fear {unknown}
 U - 2 scrolls of recharging {unknown}
 Y - a scroll of enchant weapon {unknown}
Potions
 b - 3 potions of cure mutation {unknown}
 d - 2 potions of curing
 e - 3 potions of berserk rage {unknown}
 g - 6 potions of flight
 h - a potion of mutation {unknown}
 k - a potion of lignification {unknown}
 l - a potion of degeneration {unknown}
 r - 2 potions of cancellation {unknown}
 s - 4 potions of haste
 w - a potion of ambrosia {unknown}
 F - 2 potions of heal wounds
 J - 3 potions of brilliance {unknown}
 K - 2 potions of resistance {unknown}
 N - a potion of invisibility {unknown}
 X - 2 potions of might {unknown}
Books
 Q - a book of Spatial Translocations

   Spells                             Type                      Level
   a - Blink                          Translocation                2
   b - Shroud of Golubria             Charms/Translocation         2
   c - Lesser Beckoning               Translocation                3
   d - Portal Projectile              Translocation                3
   e - Teleport Other                 Translocation                3
   f - Passage of Golubria            Translocation                4
   Trog disapproves of the use of such an item.
Comestibles
 c - 5 bread rations
 m - 3 slices of pizza
 t - 6 royal jellies
 x - 14 fruits
 C - 4 meat rations
 Z - a chunk of flesh


   Skills:
 - Level 6.0 Fighting
 - Level 3.2 Short Blades
 - Level 8.0(8.1) Maces & Flails
 - Level 11.0(11.1) Polearms
   Level 0.2(8.7) Staves
 - Level 6.3 Slings
 - Level 5.3 Bows
 - Level 5.3 Armour
 - Level 6.4 Dodging
 + Level 6.6 Stealth


You had 10 spell levels left.
You didn't know any spells.

Dungeon Overview and Level Annotations

Branches:
Dungeon (9/15)             Temple (1/1) D:4            Lair (3/6) D:9
  Swamp: Lair:2-4    Shoals: Lair:2-4     Snake: Lair:2-4    Spider: Lair:2-4
    Orc: D:9-12

Altars:
Ashenzari
Cheibriados
Dithmenos
Elyvilon
Fedhas
Gozag
Hepliaklqana
Kikubaaqudgha
Makhleb
Nemelex Xobeh
Okawaru
Qazlal
Ru
Sif Muna
Trog
Uskayaw
Vehumet
Xom
Yredelemnul
Zin
The Shining One

Shops:
D:5 [(


Innate Abilities, Weirdness & Mutations

You reflexively headbutt those who attack you in melee.
You have a pair of horns on your head.


Message History

The nine-headed hydra bites you.
* * * LOW HITPOINT WARNING * * *
The nine-headed hydra barely misses you.
The nine-headed hydra misses you. x3; The nine-headed hydra bites you!
* * * LOW HITPOINT WARNING * * *
The bullfrog hits you but does no damage.
You feel a strong urge to attack something.
You are no longer berserk.
You are exhausted.
You feel yourself slow down. The bullfrog completely misses you.
The bullfrog hits you but does no damage.
The bullfrog hits you but does no damage.
The nine-headed hydra misses you.
The nine-headed hydra closely misses you.
The nine-headed hydra barely misses you.
The nine-headed hydra bites you but does no damage. x2
The nine-headed hydra bites you.
* * * LOW HITPOINT WARNING * * *
The nine-headed hydra bites you!
You die...

.#####.###.....#.#+.##....P..####
.................#.#.#...........
..................###.#..........
...........).....##.8.#..........
............>....#...............
.................#8.<.8#.........
.................#.....#...##P.#'
...............D.##...##....###..
..#P.####.###.#F@#...###..###.##.
.####.###......#.#......##.....##
.##.....#..##...#.#...#.#.#.#.#..
.##...................#.........+
..#.........8.......8.#.....8....
.#................#.....#.......+
.##.......###.#.#.#...#....#.#..#
..##....#......###.....###.....##
..#.#.#..###.####.#.+###.######..


You could see a nine-headed hydra and a bullfrog.

Vanquished Creatures
  The ghost of oldark the Cruncher, a novice HuMo of Ashenzari (D:8)
  Pikel (D:8)
  Joseph (D:8)
  Psyche (D:8)
  2 spiny frogs
  A komodo dragon (Lair:1)
  Prince Ribbit (D:8)
  4 hippogriffs
  4 blink frogs (Lair:2)
  A wyvern (D:8)
  6 yaks
  A hungry ghost (D:9)
  A basilisk (Lair:1)
  3 water moccasins
  4 porcupines
  2 orc warriors (D:8)
  A slave (D:8)
  A phantom (D:4)
  A sky beast (D:8)
  A necrophage (D:8)
  3 ogres
  2 crocodiles
  7 wolves
  2 centaurs
  5 bullfrogs
  6 killer bees (D:8)
  A scorpion (D:7)
  5 howler monkeys
  3 crimson imps
  A quasit (D:7)
  3 hounds
  A jelly (D:7)
  A centaur zombie (D:8)
  5 orc priests
  2 bullfrog skeletons (D:6)
  3 centaur skeletons
  7 orc wizards
  An iguana (D:8)
  4 worker ants
  A statue (D:5)
  A hound zombie (D:5)
  A hound skeleton (D:8)
  A worker ant zombie (D:9)
  6 adders
  An ooze (D:1)
  4 worms
  2 adder skeletons
  A dart slug (D:1)
  A leopard gecko (D:8)
  27 orcs
  7 giant cockroaches
  5 hobgoblins
  11 jackals
  4 quokkas
  4 bats (D:1)
  2 frilled lizards
  10 goblins
  5 kobolds
  A leopard gecko skeleton (D:5)
  3 rats
198 creatures vanquished.

Vanquished Creatures (others)
  2 slaves (D:8)
  A hound (D:8)
  3 orcs (D:8)
  A quokka (D:8)
  2 fungi (Lair:2)
9 creatures vanquished.

Grand Total: 207 creatures vanquished

Notes
Turn   | Place    | Note
-------+----------+-------------------------------------------
     0 | D:1      | Ice the Minotaur Berserker began the quest for the Orb.
     0 | D:1      | Reached XP level 1. HP: 19/19 MP: 0/0
   118 | D:1      | Reached XP level 2. HP: 22/28 MP: 1/1
   472 | D:1      | Reached skill level 5 in Fighting
   754 | D:1      | Reached XP level 3. HP: 36/36 MP: 2/2
   926 | D:2      | Found a sparkling altar of Nemelex Xobeh.
   926 | D:2      | Found a faded altar of an unknown god.
   931 | D:2      | Found a faded altar of an unknown god.
   933 | D:2      | Found a faded altar of an unknown god.
   935 | D:2      | Found a glowing golden altar of the Shining One.
  1014 | D:2      | Found a shattered altar of Ashenzari.
  1055 | D:2      | Reached skill level 1 in Stealth
  1129 | D:2      | Reached ** piety under Trog
  1546 | D:2      | Reached XP level 4. HP: 40/42 MP: 3/3
  1948 | D:3      | Found a blossoming altar of Fedhas.
  2086 | D:3      | Reached XP level 5. HP: 41/48 MP: 4/4
  2446 | D:4      | Noticed a phantom
  2450 | D:4      | Reached XP level 6. HP: 23/56 MP: 5/5
  2453 | D:4      | Reached skill level 5 in Stealth
  2495 | D:4      | Reached skill level 1 in Maces & Flails
  2597 | D:4      | Found a staircase to the Ecumenical Temple.
  2601 | Temple   | Entered the Ecumenical Temple
  2821 | D:4      | Reached *** piety under Trog
  2886 | D:4      | Reached XP level 7. HP: 39/61 MP: 6/6
  3052 | D:5      | Entered Level 5 of the Dungeon
  3103 | D:5      | Found a shadowy altar of Dithmenos.
  3103 | D:5      | Found a radiant altar of Vehumet.
  3214 | D:5      | Found Qygrone's Antique Armour Boutique.
  3216 | D:5      | Reached skill level 5 in Maces & Flails
  3241 | D:5      | Bought a hat for 104 gold pieces
  3650 | D:5      | Found Felom's Antique Weapon Shoppe.
  4036 | D:6      | Reached XP level 8. HP: 53/68 MP: 7/7
  4143 | D:6      | Noticed a hippogriff
  4150 | D:6      | Killed a hippogriff
  4597 | D:7      | Reached skill level 5 in Dodging
  4954 | D:5      | Bought a crystal glaive for 310 gold pieces
  4954 | D:5      | Identified the +7 glaive of the Toadstool {drain, Int+3} (You bought it in a shop on level 5 of the Dungeon)
  5000 | D:7      | Reached skill level 1 in Polearms
  5132 | D:7      | Reached **** piety under Trog
  5325 | D:7      | Reached skill level 2 in Polearms
  5428 | D:8      | Noticed oldark's ghost (novice HuMo)
  5430 | D:8      | Noticed Prince Ribbit
  5445 | D:8      | Killed oldark's ghost
  5445 | D:8      | Reached skill level 6 in Polearms
  5445 | D:8      | Reached XP level 9. HP: 63/74 MP: 8/8
  5447 | D:8      | Noticed Pikel
  5468 | D:8      | Killed Pikel
  5468 | D:8      | Reached skill level 8 in Polearms
  5553 | D:8      | Noticed Joseph
  5659 | D:8      | Noticed Psyche
  5664 | D:8      | Killed Psyche
  5664 | D:8      | Reached skill level 9 in Polearms
  5717 | D:8      | Reached skill level 1 in Bows
  5718 | D:8      | Killed Prince Ribbit
  5789 | D:8      | Reached XP level 10. HP: 20/81 MP: 9/9
  6025 | D:8      | Reached skill level 5 in Bows
  6209 | D:8      | Reached skill level 5 in Armour
  6419 | D:8      | Reached skill level 10 in Polearms
  6468 | D:8      | Killed Joseph
  6539 | D:8      | Reached skill level 1 in Slings
  6687 | D:9      | Found a staircase to the Lair.
  6735 | Lair:1   | Entered Level 1 of the Lair of Beasts
  6782 | Lair:1   | Noticed a spiny frog
  6790 | Lair:1   | Killed a spiny frog
  6817 | Lair:1   | Reached skill level 5 in Slings
  7011 | Lair:1   | Reached ***** piety under Trog
  7759 | Lair:2   | Reached XP level 11. HP: 34/89 MP: 10/10
  7761 | Lair:2   | Reached skill level 11 in Polearms
  8872 | Lair:3   | Noticed a five-headed hydra
  8881 | Lair:2   | HP: 3/133 [nine-headed hydra (12)]
  8885 | Lair:2   | HP: 1/89 [nine-headed hydra (3)]
  8885 | Lair:2   | Mangled by a nine-headed hydra

Skill      XL: |  1  2  3  4  5  6  7  8  9 10 11 |
---------------+----------------------------------+-----
Fighting       | 4 5 6 |  6.0
Stealth        | 2 3 4 5 6 |  6.6
Maces & Flails | 3 7 8 |  8.0
Dodging        | 5 6 |  6.4
Armour         | 4 5 |  5.3
Polearms       | 6 9 10 11 | 11.0
Bows           | 4 5 |  5.3
Slings         | 6 |  6.3
Short Blades   | |  3.2
Staves         | |  0.2

Action                   |  1- 3 |  4- 6 |  7- 9 | 10-12 || total
-------------------------+-------+-------+-------+-------++-------
Melee: Short sword       |    19 |     6 |     5 |       ||    30
       Headbutt          |    11 |    13 |    34 |    23 ||    81
       Spear             |    46 |       |       |       ||    46
       Hand axe          |    42 |    11 |       |       ||    53
       Quarterstaff      |       |    42 |       |       ||    42
       Morningstar       |       |    34 |   139 |    49 ||   222
       Glaive            |       |       |    60 |    92 ||   152
       Dagger            |       |       |       |     4 ||     4
 Fire: Shortbow          |       |       |    61 |    21 ||    82
       Hunting sling     |       |       |       |    66 ||    66
Throw: Stone             |    43 |    59 |    21 |       ||   123
Invok: Berserk           |       |     2 |     1 |     2 ||     5
       Burn Spellbooks   |       |       |       |     2 ||     2
       Trog's Hand       |       |       |       |     1 ||     1
  Use: Scroll            |     5 |     2 |     4 |     4 ||    15
       Potion            |       |     3 |     1 |     1 ||     5
 Stab: Sleeping          |       |     1 |     3 |     3 ||     7
  Eat: Chunk             |     2 |     5 |    10 |    10 ||    27
       Beef jerky        |       |       |       |     3 ||     3
Armor: Leather armour    |     3 |       |       |       ||     3
       Animal skin       |     1 |       |       |       ||     1
       Ring mail         |    30 |    41 |    85 |    62 ||   218
Dodge: Dodged            |    47 |    59 |   146 |   120 ||   372
